[Event "Early-Titled-Tuesday-Blitz-September-12-2023"]
[Site "Chess.com"]
[Date "2023.09.12"]
[Round "5"]
[White "maurovargas01"]
[Black "supereagles1201"]
[Result "0-1"]
[WhiteElo "1866"]
[BlackElo "2382"]
[TimeControl "180+1"]
[EndTime "8:54:31 PDT"]
[Termination "supereagles1201 won on time"]

1. e4 c5 2. Nc3 Nc6 3. f4 g6 4. Nf3 Bg7 5. Bb5 Nd4 6. Bf1 d6 7. d3 Bg4 8. Be2 Bxf3 9. Bxf3 e6 10. O-O Ne7 11. Ne2 Nec6 12. c3 Nxf3+ 13. Rxf3 O-O 14. Qe1 b5 15. Rh3 b4 16. Bd2 bxc3 17. Bxc3 Nd4 18. Rc1 Rb8 19. Kh1 Qb6 20. Qh4 h6 21. Ng1 Qd8 22.
Qf2 a5 23. Nf3 Nxf3 24. Rxf3 Bxc3 25. bxc3 Qf6 26. f5 gxf5 27. exf5 e5 28. Qe3 Kh7 29.
Rh3 Rg8 30. d4 Rb2 31. Rg3 Rxg3 32. Qxg3 exd4 33. cxd4 Qxd4 34. Re1 Qf2 35. Rg1 Qxg3 36. hxg3 d5 0-1

[Event "Early-Titled-Tuesday-Blitz-September-12-2023"]
[Site "Chess.com"]
[Date "2023.09.12"]
[Round "5"]
[White "LamaChampetre"]
[Black "jcmesafischer"]
[Result "1-0"]
[WhiteElo "2267"]
[BlackElo "2382"]
[TimeControl "180+1"]
[EndTime "8:54:31 PDT"]
[Termination "LamaChampetre won by resignation"]

1. d4 Nf6 2. c4 e6 3. Nf3 d5 4. g3 Be7 5. Bg2 O-O 6. O-O dxc4 7.
Ne5 Nc6 8. Bxc6 bxc6 9. Nxc6 Qd7 10. Nxe7+ Qxe7 11. Qa4 Rb8 12. Qxc4 Rb4 13. Qc2 Rxd4 14. Be3 Rd5 15. Bxa7 Bb7 16. Nc3 Rh5 17. f3 Qb4 18. Bf2 Rb8 19. Rab1 e5 20. e4 Nd7 21. Nd5 Bxd5 22.
exd5 Qb7 23. Rfc1 Qxd5 24. Qxc7 Re8 25. Rd1 Qxf3 26. Qxd7 Rf8 27. Qe7 Rf5 28. Rf1 h5 29. Bc5 Qa8 30. Qxf8+ 1-0

[Event "Early-Titled-Tuesday-Blitz-September-12-2023"]
[Site "Chess.com"]
[Date "2023.09.12"]
[Round "5"]
[White "Chaos_Magic"]
[Black "Rurep26"]
[Result "0-1"]
[WhiteElo "2367"]
[BlackElo "2784"]
[TimeControl "180+1"]
[EndTime "8:54:33 PDT"]
[Termination "Rurep26 won on time"]

1. d4 e6 2. Nf3 Nf6 3. c4 b6 4. g3 Ba6 5. Qc2 Bb7 6. Bg2 Bb4+ 7. Nbd2 O-O 8. O-O Bxd2 9. Bxd2 Be4 10. Qc1 Nc6 11.
Bc3 d6 12. b4 Qc8 13. Rd1 Ne7 14. d5 e5 15. a4 a5 16. bxa5 bxa5 17. Qd2 Qa6 18.
Qa2 c6 19. dxc6 Qxc6 20. Rdc1 Rfc8 21. Qd2 Nd7 22. Bxa5 Nc5 23. Ra3 Nb7 24. Bb4 Ra6 25.
a5 Rca8 26. c5 Nd5 27. cxd6 Qb5 28. Bc3 Nxd6 29. Bxe5 Nc4 30. Rxc4 Qxc4 31. Rc3 Nxc3 32. Bxc3 Qd5 33. Qb2 Qd1+ 34. Bf1 f6 35. Nd2 Bf5 36.
Qa2+ Be6 37. Qb2 Bh3 38. Qa2+ Kh8 39. Qf7 Rd6 40. Qb7 Rad8 0-1

[Event "Early-Titled-Tuesday-Blitz-September-12-2023"]
[Site "Chess.com"]
[Date "2023.09.12"]
[Round "5"]
[White "Tsyhanchuk_Stanislav"]
[Black "WinstonSilvakov"]
[Result "1-0"]
[WhiteElo "2431"]
[BlackElo "2190"]
[TimeControl "180+1"]
[EndTime "8:54:33 PDT"]
[Termination "Tsyhanchuk_Stanislav won by resignation"]

1. e4 c5 2. c4 Nc6 3. Nc3 e5 4. g3 d6 5. Bg2 Nge7 6. Nge2 g6 7.
O-O Bg7 8. a3 O-O 9. Rb1 Nd4 10.
b4 Nec6 11. d3 Nxe2+ 12. Nxe2 Nd4 13. Nxd4 cxd4 14. b5 a5 15. a4 b6 16. f4 f6 17.
h4 Rf7 18. Ba3 Bf8 19. g4 Raa7 20. Qf3 Qd7 21. Bh3 exf4 22. Qxf4 h5 23. Rb2 hxg4 24.
Bg2 Kh7 25. Rbf2 Bh6 26. Qxd6 Qxd6 27. Bxd6 Be3 28. Kh2 Rab7 29. Rxf6 Ra7 30. Rxf7+ Rxf7 31. Rxf7+ Kh6 32. Bf8+ 1-0

[Event "Early-Titled-Tuesday-Blitz-September-12-2023"]
[Site "Chess.com"]
[Date "2023.09.12"]
[Round "5"]
[White "seopie"]
[Black "Ermito2020"]
[Result "1-0"]
[WhiteElo "2836"]
[BlackElo "2587"]
[TimeControl "180+1"]
[EndTime "8:54:35 PDT"]
[Termination "seopie won on time"]

1. d4 Nf6 2. c4 g6 3. Nc3 Bg7 4. e4 d6 5. Be2 O-O 6. Be3 c5 7. d5 e6 8. Nf3 exd5 9. cxd5 a6 10. a4 Re8 11. Nd2 Nbd7 12. O-O Ne5 13. h3 c4 14.
Qc2 Bd7 15. f4 Nd3 16. Nxc4 Nxb2 17. Nxd6 Bxa4 18. Qxb2 Qxd6 19. e5 Rxe5 20. fxe5 Qxe5 21. Bf2 Bd7 22. Bf3 Rc8 23. Na4 Qxb2 24. Nxb2 Bb5 25. Rfc1 Rd8 26. Rab1 Nxd5 27. Rd1 Bc6 28. Nc4 1-0

[Event "Early-Titled-Tuesday-Blitz-September-12-2023"]
[Site "Chess.com"]
[Date "2023.09.12"]
[Round "5"]
[White "Willychess95"]
[Black "ShahMatKanal"]
[Result "1-0"]
[WhiteElo "2708"]
[BlackElo "2505"]
[TimeControl "180+1"]
[EndTime "8:54:35 PDT"]
[Termination "Willychess95 won by resignation"]

1. e4 c6 2. d4 d5 3. exd5 cxd5 4. Bd3 Nc6 5. c3 Nf6 6. Bf4 g6 7. Nf3 Bg7 8. O-O O-O 9. Re1 Bf5 10. Bxf5 gxf5 11.
Ne5 e6 12. Nd2 Nxe5 13. Bxe5 Ne8 14. Qh5 f6 15. Bf4 Qd7 16. Re3 Rf7 17. Rae1 Re7 18.
Nf1 Nd6 19. Bxd6 Qxd6 20. Rh3 Bf8 21. Ne3 Rg7 22. Rg3 Rxg3 23. hxg3 Rc8 24. Qe2 Rc7 25.
Nc2 Re7 26. Qf3 Bh6 27. Nb4 b6 28. Nd3 Kh8 29. Qh5 Bg7 30. Nf4 Kg8 31. Qe2 e5 32. Nd3 Kf8 33. Qh5 f4 34. Qxh7 e4 35. Nxf4 Ke8 36.
Qg8+ Kd7 37. Qxd5 Qxd5 38. Nxd5 Re8 39. Ne3 Bf8 40. Kf1 Ke6 41. Ke2 f5 42. Rh1 Kf6 43.
Rh5 1-0

[Event "Early-Titled-Tuesday-Blitz-September-12-2023"]
[Site "Chess.com"]
[Date "2023.09.12"]
[Round "5"]
[White "profedechess93"]
[Black "AttilaTurzo"]
[Result "1-0"]
[WhiteElo "2666"]
[BlackElo "2468"]
[TimeControl "180+1"]
[EndTime "8:54:35 PDT"]
[Termination "profedechess93 won by resignation"]

1. e4 c5 2. Nf3 d6 3. Bb5+ Nd7 4. d4 cxd4 5. Qxd4 Nf6 6. Bg5 a6 7. Bxd7+ Nxd7 8. Nc3 h6 9. Bh4 Qb6 10. Qd2 e6 11. O-O-O Nf6 12. Bxf6 gxf6 13. Rhe1 h5 14. Kb1 Qc5 15. Nd4 Bh6 16. Qd3 Ke7 17. g3 Bd7 18. f4 Rac8 19. f5 b5 20. fxe6 fxe6 21. Nb3 Qe5 22. a3 h4 23. Nd5+ Kf7 24. Nb6 Rc7 25.
Qxd6 Qxd6 26. Rxd6 Bc6 27. Nd4 Bb7 28. Nxe6 Re7 29. Nc5 hxg3 30. hxg3 Bg5 31. Nxb7 Rxb7 32. Nd5 Rh2 33. Rf1 Kg7 34. Rxa6 Rg2 35. Nxf6 Bxf6 36.
Rfxf6 Rxg3 37. Rfb6 Re7 38. Rxb5 Rxe4 39. Rb7+ Kg8 40.
Ra8+ 1-0

[Event "Early-Titled-Tuesday-Blitz-September-12-2023"]
[Site "Chess.com"]
[Date "2023.09.12"]
[Round "5"]
[White "Byniolus"]
[Black "jeetjain"]
[Result "0-1"]
[WhiteElo "2786"]
[BlackElo "2588"]
[TimeControl "180+1"]
[EndTime "8:54:36 PDT"]
[Termination "jeetjain won on time"]

1. d4 e6 2. Nf3 b6 3. Bf4 Bb7 4. e3 Nf6 5. h3 d5 6. Nbd2 Bd6 7.
Ne5 Nbd7 8. Bb5 O-O 9. O-O a6 10.
Bd3 c5 11. Nxf7 Rxf7 12. Bxd6 Nf8 13. dxc5 bxc5 14. Bxc5 e5 15. Bxf8 Rxf8 16. Nb3 Rc8 17.
Rc1 e4 18. Be2 Nd7 19. Qd4 Qg5 20. c4 Ne5 21. cxd5 Nf3+ 22. Bxf3 exf3 23. g3 Rxc1 24. Rxc1 Bc8 25. Kh2 Qh5 26. Qh4 Qxd5 27. Nd4 Qxa2 28. Rc2 Qb1 29. g4 Qf1 30. Qg3 Bb7 31. Qg1 Qd3 32.
Qc1 h5 33. Rc7 Qe4 34. Qc4+ Bd5 35. Qc2 Qe5+ 36. Kg1 hxg4 37. hxg4 Qg5 38. Kf1 Qxg4 39. Qc5 Qg2+ 40. Ke1 Qg1+ 41. Kd2 Qxf2+ 42. Kc3 Qxe3+ 43. Kb4 Bf7 44. Ka5 f2 45. Nf5 Qe1+ 0-1

[Event "Early-Titled-Tuesday-Blitz-September-12-2023"]
[Site "Chess.com"]
[Date "2023.09.12"]
[Round "5"]
[White "guillembaches"]
[Black "charlescandycampbell"]
[Result "1-0"]
[WhiteElo "2527"]
[BlackElo "2297"]
[TimeControl "180+1"]
[EndTime "8:54:37 PDT"]
[Termination "guillembaches won on time"]

1. e4 c6 2. d4 d5 3. e5 Bf5 4.
h4 h5 5. Bd3 Bxd3 6. Qxd3 e6 7.
Nf3 Nd7 8. Bg5 Be7 9. Nbd2 Nh6 10. Bxh6 Rxh6 11. c4 Qa5 12. O-O Qa6 13. b3 Nb6 14.
a4 Rd8 15. Qc3 dxc4 16. bxc4 Nxa4 17. Qc2 b5 18. Rfc1 Qb7 19. Ne4 a6 20. c5 Qd7 21.
Nd6+ Bxd6 22. exd6 f6 23. d5 cxd5 24. Nd4 Kf7 25.
Re1 e5 26. Nf5 Rhh8 27. c6 Qe6 28. c7 Rc8 29. Qc6 d4 30. Ne7 Rhe8 31. Nxc8 Rxc8 32.
d7 Qxc6 33. dxc8=Q 1-0

[Event "Early-Titled-Tuesday-Blitz-September-12-2023"]
[Site "Chess.com"]
[Date "2023.09.12"]
[Round "5"]
[White "GMAkobianSTL"]
[Black "HalfIsCrayfish"]
[Result "0-1"]
[WhiteElo "2716"]
[BlackElo "2552"]
[TimeControl "180+1"]
[EndTime "8:54:38 PDT"]
[Termination "HalfIsCrayfish won on time"]

1. d4 Nf6 2. c4 e6 3. Nc3 Bb4 4. Qc2 d5 5. a3 Bxc3+ 6. Qxc3 dxc4 7. Qxc4 b6 8. Bg5 O-O 9. Rd1 Qe7 10. Nf3 h6 11.
Bxf6 Qxf6 12. Qxc7 Ba6 13. Qc2 Rd8 14. e4 Bxf1 15. Rxf1 Nd7 16. Ke2 Rac8 17. Qb1 e5 18.
d5 Qg6 19. g3 Qg4 20. h3 Qxh3 21. Rh1 Qg4 22. Rh4 Qg6 23. Rc1 Nc5 24. Nd2 f5 25.
exf5 Qf7 26. b4 Na4 27. Ne4 Qxd5 28. Rxc8 Rxc8 29. f6 Rc4 30. fxg7 Rxe4+ 0-1

[Event "Early-Titled-Tuesday-Blitz-September-12-2023"]
[Site "Chess.com"]
[Date "2023.09.12"]
[Round "5"]
[White "TatjanaVasilevich"]
[Black "RCone"]
[Result "1-0"]
[WhiteElo "2549"]
[BlackElo "2342"]
[TimeControl "180+1"]
[EndTime "8:54:39 PDT"]
[Termination "TatjanaVasilevich won on time"]

1. e4 d6 2. d4 Nf6 3. Nc3 g6 4. f4 Bg7 5. Nf3 O-O 6. Bd3 Na6 7. O-O c5 8. e5 Bg4 9. exf6 exf6 10. d5 f5 11. h3 Bxf3 12. Qxf3 Nb4 13. a3 Nxd3 14. Qxd3 Re8 15. Kh2 a6 16. a4 Qc7 17. Be3 Qb6 18. Ra2 Qb4 19. Bd2 c4 20. Qf3 b5 21. Rd1 Qc5 22.
axb5 axb5 23. Re1 b4 24. Be3 Qc7 25. Nb5 Qd7 26. Rxa8 Rxa8 27. Nd4 Ra2 28. Qe2 Rxb2 29. Qxc4 h6 30. Nb3 Bc3 31. Re2 Qa4 32. Bd4 Bxd4 33. Qxd4 Rb1 34. Qf6 Kh7 35. Qxf7+ Kh8 36. Re8+ Qxe8 37.
Qxe8+ Kg7 38. Qe7+ Kg8 39. Qxd6 Rc1 40. Qxg6+ Kf8 41. Nxc1 Ke7 42. d6+ Kd7 43. Qxf5+ Kxd6 44. Qe5+ Kc6 45. f5 h5 46. f6 h4 47. f7 b3 48.
Nxb3 Kb6 49. f8=Q Kc6 50. Qfd6+ Kb7 51. Qec5 1-0

[Event "Early-Titled-Tuesday-Blitz-September-12-2023"]
[Site "Chess.com"]
[Date "2023.09.12"]
[Round "5"]
[White "Philosopherrr"]
[Black "JAN2404"]
[Result "1-0"]
[WhiteElo "2274"]
[BlackElo "2011"]
[TimeControl "180+1"]
[EndTime "8:54:42 PDT"]
[Termination "Philosopherrr won by resignation"]

1. e4 c5 2. Nf3 d6 3. Bb5+ Bd7 4.
a4 Nf6 5. d3 g6 6. O-O Bg7 7.
Re1 Nc6 8. Nbd2 O-O 9. Nc4 a6 10. Bxc6 Bxc6 11. e5 Nd5 12. Bg5 dxe5 13. Nfxe5 Rc8 14.
Nxc6 Rxc6 15. c3 h6 16. Bh4 g5 17. Bg3 Re8 18. Qf3 Rf6 19. Qe4 b5 20. axb5 axb5 21. Ne5 Nf4 22. Rad1 Re6 23. Bxf4 gxf4 24. Qxf4 Qd5 25. Qxf7+ Kh7 26. Qxe8 Rxe5 27. Rxe5 Qxe5 28. Qxb5 Bf6 29. Qb7 Qh5 30. Qe4+ Kg7 31. g4 Qg5 32. Kg2 Be5 33. Re1 Bd6 34. h3 Qd2 35. Re3 Qxb2 36. c4 Qd4 37. Qxd4+ cxd4 38. Re4 Bc5 39. f4 Kf6 40. f5 Bb6 41. Re6+ Kg5 1-0

[Event "Early-Titled-Tuesday-Blitz-September-12-2023"]
[Site "Chess.com"]
[Date "2023.09.12"]
[Round "5"]
[White "HATilay"]
[Black "Mops_2004"]
[Result "1-0"]
[WhiteElo "2564"]
[BlackElo "2734"]
[TimeControl "180+1"]
[EndTime "8:54:43 PDT"]
[Termination "HATilay won by resignation"]

1. e4 c6 2. d4 d5 3. e5 Bf5 4.
Bd3 Bxd3 5. Qxd3 e6 6. Ne2 Qa5+ 7. Nbc3 Qa6 8. Qh3 Ne7 9. O-O c5 10. a4 Nec6 11. Nb5 Qb6 12. Be3 Nd7 13. c4 a6 14. dxc5 Nxc5 15. Nd6+ Bxd6 16. exd6 dxc4 17. Qh5 e5 18. d7+ Kf8 19. f4 f6 20. fxe5 Nxe5 21.
Qxe5 Nxd7 22. Qe4 Qc7 23. Bf4 Qc5+ 24. Kh1 Qb6 25. Nd4 Re8 26. Qd5 Ne5 27. Bxe5 Rxe5 28.
Qxe5 1-0

[Event "Early-Titled-Tuesday-Blitz-September-12-2023"]
[Site "Chess.com"]
[Date "2023.09.12"]
[Round "5"]
[White "ljm509"]
[Black "Journey_to_GrandMaster_YT"]
[Result "0-1"]
[WhiteElo "2341"]
[BlackElo "2605"]
[TimeControl "180+1"]
[EndTime "8:54:43 PDT"]
[Termination "Journey_to_GrandMaster_YT won by resignation"]

1. e4 d6 2. d4 Nf6 3. Nc3 e5 4.
dxe5 dxe5 5. Qxd8+ Kxd8 6. f3 Be6 7. Be3 c6 8. O-O-O+ Nbd7 9. Nge2 Kc7 10. h4 Bc5 11. Bxc5 Nxc5 12. g4 b5 13. Ng3 h5 14.
g5 Ne8 15. b4 Nd7 16. a4 a5 17. bxa5 b4 18. Nce2 g6 19. f4 Rxa5 20. f5 Bc4 21. fxg6 fxg6 22. Bh3 Nc5 23. Rhf1 Rxa4 24. Rf3 Nd6 25.
Rf6 Ra1+ 26. Kd2 Ndxe4+ 27. Nxe4 Nxe4+ 28. Ke3 Rxd1 29. Kxe4 Bxe2 30. Kxe5 Re8+ 31. Kf4 Rd4+ 32. Kg3 Bd1 33. Bg2 Rc4 34. Rxg6 Bxc2 35. Rh6 b3 36. Rxh5 b2 37. Rh6 b1=Q 38. Rxc6+ Rxc6 39. Bxc6 Kxc6 40. h5 Qg1+ 41. Kf4 Re4+ 42. Kf5 Qg4+ 43. Kf6 Re6+ 44.
Kf7 Qf5+ 45. Kg7 Re7+ 46. Kg8 Qh7+ 0-1

[Event "Early-Titled-Tuesday-Blitz-September-12-2023"]
[Site "Chess.com"]
[Date "2023.09.12"]
[Round "5"]
[White "zverr1"]
[Black "C_K_G"]
[Result "1/2-1/2"]
[WhiteElo "2475"]
[BlackElo "1982"]
[TimeControl "180+1"]
[EndTime "8:54:43 PDT"]
[Termination "Game drawn - insufficient material"]

1. e4 c5 2. Nf3 d6 3. Bb5+ Bd7 4.
Bxd7+ Qxd7 5. c4 e6 6. O-O Nf6 7. Nc3 Nc6 8. d4 cxd4 9. Nxd4 Nxd4 10. Qxd4 a6 11. f3 Rc8 12. Be3 Be7 13. Rac1 O-O 14.
Rfd1 Qc6 15. b3 Nd7 16. Qd3 Ne5 17. Qe2 Ng6 18. f4 Bf6 19. g3 Bxc3 20. Rxc3 d5 21.
exd5 exd5 22. Bd4 Rfe8 23. Qb2 dxc4 24. Rxc4 Qf3 25. Rf1 Qd3 26. Qc3 Qxc3 27. Rxc3 Rxc3 28. Bxc3 h5 29. f5 Nf8 30. Re1 Rxe1+ 31. Bxe1 Nd7 32. Kf2 g6 33. Ke3 Ne5 34. Ke4 Nc6 35. fxg6 fxg6 36.
Kd5 Kf7 37. Kd6 Nd4 38. Kc7 b5 39. Kb6 Nf3 40. Bf2 Nxh2 41. Kxa6 Ng4 42. Bd4 g5 43. Kxb5 h4 44. gxh4 gxh4 45. Kc4 h3 46. Bg1 Ne5+ 47. Kd4 Nf3+ 48. Ke3 Nxg1 49. Kf2 h2 50. Kg2 Nf3 51. a4 Nd4 52. a5 Ke6 53. a6 Nb5 54. Kxh2 Kd5 55. Kg3 Kc5 56. Kf4 Kb6 57. Ke5 Kxa6 58.
Kd5 Kb6 59. b4 Na3 60. b5 Nxb5 1/2-1/2

[Event "Early-Titled-Tuesday-Blitz-September-12-2023"]
[Site "Chess.com"]
[Date "2023.09.12"]
[Round "5"]
[White "TigrVShlyape"]
[Black "Lion-Al-Messi"]
[Result "0-1"]
[WhiteElo "2943"]
[BlackElo "2604"]
[TimeControl "180+1"]
[EndTime "8:54:47 PDT"]
[Termination "Lion-Al-Messi won on time"]

1. d4 d5 2. Bf4 Nf6 3. e3 c5 4.
c3 Nc6 5. Nd2 cxd4 6. exd4 Bf5 7. Ngf3 e6 8. Bb5 Bd6 9. Bxd6 Qxd6 10. O-O O-O 11. Re1 Ne4 12. Nxe4 Bxe4 13. Nd2 Bg6 14.
a4 Rac8 15. a5 Ne7 16. Qb3 Nf5 17. Bf1 Qc7 18. Nf3 h6 19. Ne5 Bh7 20. Qa4 Nd6 21. Qd7 Rfd8 22. Qxc7 Rxc7 23. Ra4 g5 24. Rb4 Be4 25.
Ng4 Kg7 26. f3 Bf5 27. Ne3 Bg6 28. g3 Rdc8 29. Kf2 Rb8 30. Ra1 Rbc8 31. Be2 Rd8 32. Rh1 f6 33. h4 Re7 34. hxg5 hxg5 35. Ra4 Nf7 36. Raa1 e5 37. Bb5 f5 38. dxe5 d4 39.
cxd4 Rxd4 40. Ra4 Rd2+ 41. Be2 Nxe5 42. Rd1 Rxb2 43. Rad4 f4 44. gxf4 gxf4 45. Rxf4 Nd3+ 0-1

[Event "Early-Titled-Tuesday-Blitz-September-12-2023"]
[Site "Chess.com"]
[Date "2023.09.12"]
[Round "5"]
[White "Bilan_Danila"]
[Black "Srisshhhtea"]
[Result "1-0"]
[WhiteElo "2599"]
[BlackElo "2428"]
[TimeControl "180+1"]
[EndTime "8:54:47 PDT"]
[Termination "Bilan_Danila won by checkmate"]

1. d4 Nf6 2. Nf3 d6 3. Bg5 Ne4 4. Bh4 c5 5. c3 Nd7 6. e3 h6 7. Nbd2 Nxd2 8. Qxd2 g5 9. Bg3 Bg7 10. Bc4 Nb6 11. Bd3 Be6 12. a4 cxd4 13. exd4 Bc4 14. a5 Bxd3 15. Qxd3 Nd7 16. O-O O-O 17. Rfe1 Nf6 18. h4 g4 19. Nh2 Qd7 20. Nf1 Nh5 21.
a6 b6 22. Ne3 f5 23. Nd5 e6 24. Nf4 Nxg3 25. fxg3 Rfe8 26. Re2 Rad8 27. Rae1 e5 28. Nd5 exd4 29. Ne7+ Kh8 30. cxd4 Rxe7 31. Rxe7 Qa4 32. Rxg7 Kxg7 33. Re7+ Kf6 34. Qe3 Qc4 35.
Rxa7 Qe6 36. Qxh6# 1-0

[Event "Early-Titled-Tuesday-Blitz-September-12-2023"]
[Site "Chess.com"]
[Date "2023.09.12"]
[Round "5"]
[White "KVAIDAN"]
[Black "1995Tiger"]
[Result "1-0"]
[WhiteElo "2292"]
[BlackElo "2099"]
[TimeControl "180+1"]
[EndTime "8:54:48 PDT"]
[Termination "KVAIDAN won on time"]

1. f4 d5 2. Nf3 c5 3. e3 Nc6 4. Bb5 a6 5. Bxc6+ bxc6 6. O-O Nf6 7. b3 e6 8. Ne5 Qc7 9. Bb2 Bd6 10. Rf3 Rg8 11. d3 Nd7 12. Nxd7 Bxd7 13. Nd2 f6 14. Rh3 h6 15. Qh5+ Ke7 16. Rg3 Raf8 17. Re1 Be8 18. Qf3 Kd7 19. c4 g5 20. d4 gxf4 21. Rxg8 Rxg8 22.
e4 Bf7 23. cxd5 cxd5 24. e5 Be7 25. Qxf4 f5 26. Qxh6 Qd8 27. Nf3 Rg6 28. Qd2 Qg8 29. Re2 Rg4 30. Qa5 cxd4 31. Qxa6 d3 32. Qxd3 Bc5+ 33.
Kh1 Qb8 34. Bd4 Bxd4 35. Nxd4 Qb4 36. Rd2 Qa3 37. Qb5+ Ke7 38. Nc6+ Kf8 39. Qb4+ Qxb4 40. Nxb4 Rxb4 41. g3 Rb6 42. Rc2 Ra6 43. a4 Be8 44.
Kg2 Ke7 45. Kf3 Rb6 46. Rc3 Bd7 47. Kf4 Bc8 48. h4 Rb4+ 49. Kg5 Ba6 50. h5 Rg4+ 51. Kh6 Be2 52. Kh7 Rg5 53. h6 f4 54. gxf4 Rg4 55. a5 Rxf4 56. Rc7+ Kd8 57. Rg7 Bd3+ 58. Kg8 1-0

[Event "Early-Titled-Tuesday-Blitz-September-12-2023"]
[Site "Chess.com"]
[Date "2023.09.12"]
[Round "5"]
[White "Arteler"]
[Black "KChor05TTV"]
[Result "0-1"]
[WhiteElo "2425"]
[BlackElo "2593"]
[TimeControl "180+1"]
[EndTime "8:54:49 PDT"]
[Termination "KChor05TTV won by resignation"]

1. e4 c5 2. Nf3 Nc6 3. c3 Nf6 4. e5 Nd5 5. d4 cxd4 6. Bc4 Nb6 7. Bb3 d5 8. exd6 e6 9. Nxd4 Bxd6 10. Nxc6 bxc6 11.
O-O O-O 12. Qh5 Qf6 13. Nd2 Qg6 14. Qxg6 hxg6 15. Ne4 Be7 16. Be3 Ba6 17. Rfd1 Rfd8 18.
Bc5 Bxc5 19. Nxc5 Bc4 20. f3 Rd5 21. Ne4 Rad8 22. Rxd5 cxd5 23. Nd2 Bd3 24. Kf2 g5 25. Ke3 Bg6 26. a4 e5 27. a5 d4+ 28. cxd4 exd4+ 29. Kf2 Nd5 30. Bxd5 Rxd5 31. Ra4 f6 32. Rc4 Rxa5 33. Rxd4 Ra2 34. Rb4 a5 35. Rb8+ Kh7 36. Nc4 a4 37. Kg3 Bd3 38. Nd6 Bf1 39. Rb7 a3 40.
Kf2 Rxb2+ 0-1

[Event "Early-Titled-Tuesday-Blitz-September-12-2023"]
[Site "Chess.com"]
[Date "2023.09.12"]
[Round "5"]
[White "Andreikka"]
[Black "Itk04"]
[Result "1-0"]
[WhiteElo "3009"]
[BlackElo "2760"]
[TimeControl "180+1"]
[EndTime "8:54:51 PDT"]
[Termination "Andreikka won by resignation"]

1. c4 e6 2. g3 Nf6 3. Bg2 d5 4. Nf3 Be7 5. O-O O-O 6. b3 b6 7. Bb2 Bb7 8. cxd5 exd5 9. d4 Nbd7 10. Nbd2 Re8 11. Ne5 Bd6 12. Ndf3 Ne4 13. Rc1 Nxe5 14. dxe5 Bc5 15. Qc2 a5 16. e3 Rc8 17. Rfd1 Qe7 18. h4 h6 19. Kh2 Ba3 20. Bxa3 Qxa3 21. Bh3 Rb8 22. Bd7 Red8 23. e6 Qe7 24. Qxc7 fxe6 25.
Ne5 Nf6 26. Bb5 Qf8 27. Kg1 Ne4 28. f4 Nxg3 29. Bd3 Nf5 30. Kf2 Rdc8 31. Qd7 Rd8 32. Qxe6+ Kh8 33. Ng6+ 1-0

[Event "Early-Titled-Tuesday-Blitz-September-12-2023"]
[Site "Chess.com"]
[Date "2023.09.12"]
[Round "5"]
[White "kleinebeer98"]
[Black "Shield12"]
[Result "0-1"]
[WhiteElo "2830"]
[BlackElo "2975"]
[TimeControl "180+1"]
[EndTime "8:54:51 PDT"]
[Termination "Shield12 won by checkmate"]

1. e4 c5 2. Nf3 e6 3. d4 cxd4 4.
Bg5 Nf6 5. e5 h6 6. Bh4 g5 7.
exf6 gxh4 8. Qxd4 Nc6 9. Qxh4 Qb6 10. Nbd2 Qxb2 11. Rb1 Qxc2 12. Bb5 Rg8 13. O-O Qg6 14. g3 Qg4 15. Rfc1 Qxh4 16. Nxh4 a6 17. Bxc6 bxc6 18. Nc4 Rg5 19. Nf3 Rc5 20. Nfe5 d5 21.
Nb6 Rb8 22. Na4 Rxb1 23. Rxb1 Rb5 24. Rc1 c5 25. Nc3 Rb4 26. Nd3 Rd4 27. Ne5 Bd6 28.
Nf3 Rc4 29. Nd2 Rb4 30. a3 Rb2 31. Nce4 Be5 32. Nxc5 Rxd2 33. Nb3 Rb2 34. Rxc8+ Kd7 35. Rf8 Rxb3 36. Rxf7+ Kd6 37. Ra7 Rxa3 38. f7 Bg7 39. f4 Rc3 40. Rxa6+ Rc6 41. Ra7 Rc7 42. Ra6+ Ke7 43. g4 Kxf7 44. f5 exf5 45. gxf5 Rc2 46. h4 d4 47. f6 Bxf6 48. h5 Bg5 49. Rd6 Ke7 50. Rd5 Ke6 51. Rxd4 Be3+ 52. Kh1 Rc1+ 53. Rd1 Rxd1+ 54. Kg2 Ke5 55. Kf3 Kd4 56. Kg4 Ke4 57. Kh4 Kf3 58. Kh3 Rh1# 0-1

[Event "Early-Titled-Tuesday-Blitz-September-12-2023"]
[Site "Chess.com"]
[Date "2023.09.12"]
[Round "5"]
[White "Chessbard1972"]
[Black "CSB7"]
[Result "0-1"]
[WhiteElo "2484"]
[BlackElo "2714"]
[TimeControl "180+1"]
[EndTime "8:54:51 PDT"]
[Termination "CSB7 won by checkmate"]

1. d4 Nf6 2. c4 a6 3. Nc3 b5 4. e4 b4 5. e5 bxc3 6. exf6 cxb2 7. fxg7 Bxg7 8. Bxb2 c5 9. Nf3 Qa5+ 10. Qd2 Qxd2+ 11. Kxd2 Nc6 12. Re1 Rb8 13. Kc1 cxd4 14. Bd3 d6 15. Re2 O-O 16. Be4 Ne5 17. Bxd4 Bh6+ 18. Kc2 Nxc4 19. g4 Na3+ 20. Kd3 Be6 21. g5 Bg7 22.
Bxg7 Kxg7 23. Nd2 Rfc8 24. h4 Nb5 25. Ke3 Nc3 26. Ree1 Nxe4 27. Nxe4 Bxa2 28. h5 Bd5 29. f3 Rb3+ 30. Kf4 Rc4 31. Ra1 Bxe4 32. fxe4 e5+ 33.
Kg4 Rxe4+ 34. Kf5 Rf4# 0-1

[Event "Early-Titled-Tuesday-Blitz-September-12-2023"]
[Site "Chess.com"]
[Date "2023.09.12"]
[Round "5"]
[White "ArtemDyachuk"]
[Black "Zampronha1971"]
[Result "0-1"]
[WhiteElo "2538"]
[BlackElo "2338"]
[TimeControl "180+1"]
[EndTime "8:54:51 PDT"]
[Termination "Zampronha1971 won on time"]

1. e4 c5 2. Nf3 e6 3. d4 cxd4 4. Nxd4 Nc6 5. Nc3 Qc7 6. Be2 a6 7. Be3 Nf6 8. O-O Bb4 9. Na4 Be7 10.
Nxc6 bxc6 11. Nb6 Rb8 12. Nxc8 Qxc8 13. Bd4 c5 14. Be5 Rb6 15. a4 d6 16. Bc3 O-O 17. a5 Rb8 18. Qd3 Ra8 19. Qg3 e5 20. Bf3 Qc6 21. Rfe1 Ne8 22. h4 Nc7 23. Red1 Nb5 24.
Bd2 Nd4 25. Bh6 Bf6 26. c3 Nxf3+ 27. gxf3 Rfb8 28. Kh1 Kh8 29. Bg5 Bxg5 30. Qxg5 Rxb2 31. Qe7 Rxf2 32. Kg1 Rxf3 33. Rxd6 Qe8 34. Qg5 h6 35. Rxh6+ gxh6 36. Qxh6+ Kg8 37. Kg2 Rf4 0-1

[Event "Early-Titled-Tuesday-Blitz-September-12-2023"]
[Site "Chess.com"]
[Date "2023.09.12"]
[Round "5"]
[White "FMStan15"]
[Black "GeorgiosSouleidis"]
[Result "0-1"]
[WhiteElo "2081"]
[BlackElo "2527"]
[TimeControl "180+1"]
[EndTime "8:54:51 PDT"]
[Termination "GeorgiosSouleidis won on time"]

1. e4 c5 2. c3 d5 3. e5 d4 4. Bc4 Nc6 5. Nf3 e6 6. a4 Nge7 7. O-O Ng6 8. Re1 Be7 9. d3 O-O 10.
Qe2 b6 11. Qe4 Bb7 12. Qg4 Na5 13. Ba2 dxc3 14. Nxc3 Qxd3 15. Ne4 h5 16. Qxh5 Bxe4 17. Bb1 Bxf3 18. Qh3 Qd7 19. Qxf3 Rad8 20. Be4 Nxe5 21.
Qg3 Bd6 22. Bf4 f5 23. Bc2 Ng4 24. Rad1 Nb7 25. h3 Nf6 26. Qh4 Qe7 27. Bg5 Bc7 28. Bb3 Rxd1 29. Rxd1 Qf7 30. Re1 Nd8 0-1

[Event "Early-Titled-Tuesday-Blitz-September-12-2023"]
[Site "Chess.com"]
[Date "2023.09.12"]
[Round "5"]
[White "ivana_999"]
[Black "nitpicker"]
[Result "0-1"]
[WhiteElo "2030"]
[BlackElo "2279"]
[TimeControl "180+1"]
[EndTime "8:54:51 PDT"]
[Termination "nitpicker won by resignation"]

1. d4 Nf6 2. c4 e6 3. Nc3 Bb4 4. a3 Bxc3+ 5. bxc3 d6 6. f3 Nfd7 7. e4 e5 8. Be3 Nc6 9. Nh3 b6 10. Nf2 Ba6 11. Bd3 Na5 12. Qe2 O-O 13. O-O f6 14.
Rab1 Qe7 15. Kh1 Qf7 16. d5 Rac8 17. Nh3 c6 18. Rfc1 Rc7 19. Nf2 Rfc8 20. Bd2 Nc5 21. Nd1 Nxd3 22. Qxd3 Bxc4 23. Qc2 cxd5 24. Ne3 dxe4 25. fxe4 Be6 26. c4 Nxc4 27. Nxc4 Rxc4 28. Qd3 Rd4 29. Rxc8+ Bxc8 30. Qc2 Qc4 31. Rc1 Qxc2 32. Rxc2 Ba6 33. h3 Bd3 34. Rc7 Bxe4 35. Bb4 Rd3 36. Rxa7 Rxh3+ 37. Kg1 Rg3 38. Bxd6 Rxg2+ 39. Kf1 Rd2 40. Bb4 Rc2 41. Re7 h5 42. Re8+ Kh7 43. Rb8 h4 44. Rxb6 h3 45. Kg1 h2+ 0-1